 Seeded DCSS version 0.28.0-62-gf88900778d (webtiles) character file.

Game seed: 13591998346360536447 (custom seed)

14 Psyclone the Conjurer (level 2, 15/15 HPs)
             Began as a Deep Elf Conjurer on Oct 30, 2023.
             Quit the game on level 4 of the Dungeon.
             The game lasted 00:00:22 (463 turns).

Psyclone the Conjurer (Deep Elf Conjurer)            Turns: 463, Time: 00:00:23

Health: 15/15      AC:  7    Str:  7    XL:     2   Next: 31%
Magic:  11/17      EV: 13    Int: 28    God:
Gold:   53         SH:  0    Dex: 17    Spells: 4/7 levels left

rFire   + + .      SeeInvis .   f - +3 Elemental Staff {rElec rF++ rC++ AC+5}
rCold   + + .      Faith    .   (no shield)
rNeg    . . .      Spirit   .   a - +0 robe
rPois   +          Reflect  .   (no helmet)
rElec   +          Harm     .   (no cloak)
rCorr   .          Rampage  .   (no gloves)
Will    .....                   (no boots)
Stlth   ++........              (no amulet)
HPRegen 0.05/turn               g - ring of Leaves {rPois MP+9 Str+3 Int+6 Dex+4}
MPRegen 0.15/turn               (no ring)

@: no status effects
A: no striking features
a: no special abilities


You were on level 4 of the Dungeon.
You visited 1 branch of the dungeon, and saw 4 of its levels.

You collected 53 gold pieces.

Inventory:

Hand Weapons
 b - a +0 dagger
 f - the +3 Elemental Staff (weapon) {rElec rF++ rC++ AC+5}
   (You acquired it on level 4 of the Dungeon)

   If the wielder is skilled in Evocations, they can discharge powerful blasts
   of elemental energy when striking with it.
   It enhances your fire, ice, earth and air magic.
   AC:        It affects your AC (+5).
   rF:        It greatly protects you from fire.
   rC:        It greatly protects you from cold.
   rElec:     It insulates you from electricity.
Armour
 a - a +0 robe (worn)
 e - the +2 cloak of the Hidden Vale {rPois rF- Str+2 Int+8}
   (You acquired it on level 4 of the Dungeon)

   Str:       It affects your strength (+2).
   Int:       It affects your intelligence (+8).
   rF:        It makes you vulnerable to fire.
   rPois:     It protects you from poison.
Jewellery
 g - the ring of Leaves (left hand) {rPois MP+9 Str+3 Int+6 Dex+4}
   (You acquired it on level 4 of the Dungeon)

   [ring of poison resistance]

   Str:       It affects your strength (+3).
   Int:       It affects your intelligence (+6).
   Dex:       It affects your dexterity (+4).
   rPois:     It protects you from poison.
   MP:        It affects your magic capacity (+9).
Scrolls
 d - 3 scrolls of identify {@r1}


   Skills:
 - Level 2.4 Dodging
 - Level 2.4 Stealth
 - Level 3.0 Spellcasting
 + Level 5.1 Conjurations


You had 4 spell levels left.
You knew the following spells:

 Your Spells              Type           Power      Damage    Failure   Level
a - Magic Dart            Conj           100%       1d8       1%          1
b - Searing Ray           Conj           64%        2d6       1%          2

Your spell library contained the following spells:

 Spells                   Type           Power      Damage    Failure   Level
 Static Discharge         Conj/Air       27%        N/A       4%          2
 Dazzling Flash           Conj/Hex       36%        N/A       9%          3
 Mephitic Cloud           Conj/Pois/Air  20%        N/A       12%         3
 Ignite Poison            Fire/Tmut/Pois 6%         N/A       24%         3
 Fulminant Prism          Conj/Hex       9%         3d7       28%         4
 Iskenderun's Mystic Bla  Conj/Tloc      18%        2d6       28%         4
 Sticky Flame             Conj/Fire      27%        2d5       28%         4
 Dispel Undead            Necr           4%         3d7       63%         4
 Freezing Cloud           Conj/Ice/Air   15%        6-21      75%         5


Dungeon Overview and Level Annotations

Branches:
Dungeon (4/15)
 Temple: D:4-7

Altars:
The Shining One


Message History

You climb downwards.
There is a stone staircase leading up here.
A rat comes into view.
Found a glowing golden altar of the Shining One.
There is a stone staircase leading down here.
You climb downwards.
There is a stone staircase leading up here.
Casting: Magic Dart (safe; 1% risk of failure)
Confirm with . or Enter, or press ? or * to list all spells.
Aiming: Magic Dart (safe; 1% risk of failure)
Press: ? - help, Shift-Dir - straight line, f - ball python
Aim: a ball python (asleep, 100% to hit)
The magic dart hits the ball python.
You kill the ball python!
You now have 7/8 mp.
MP restored: 8
Found a scroll of identify.
Found 11 gold pieces.
Found a shiny plate armour.
Found a rapier.
d - 3 scrolls of identify {@r1} (gained 1)
You now have 53 gold pieces (gained 11).
Found a scroll of acquirement.
c - 4 scrolls of acquirement (gained 1)
Something appears at your feet!
e - the +2 cloak of the Hidden Vale {rPois rF- Str+2 Int+8} Something appears at your feet!
f - the +3 Elemental Staff {rElec rF++ rC++ AC+5}
f - the +3 Elemental Staff (weapon)
{rElec rF++ rC++ AC+5} Something appears at your feet!
g - the ring of Leaves {rPois MP+9 Str+3 Int+6 Dex+4} You feel stronger.
You feel clever.
You feel agile.
g - the ring of Leaves (left hand) {rPois MP+9 Str+3 Int+6 Dex+4} You regained 3 mp, and now have 11/17 mp.
You see here a Trismegistus Codex.
Something appears at your feet!
You pick up a Trismegistus Codex and begin reading...
You add the spells Ignite Poison, Mephitic Cloud and Freezing Cloud to your library.
Unknown command.
Unknown command.
Are you sure you want to abandon this character and quit the game? (Confirm with "yes".)

....# #######...##
#..........#
#..........# ####
#..........# #..
#..........# #.#
#..........###.###
#@................
#######...........
#...........
########.#.. #.#..
#.#.. #.# . #.# .
#.#


There were no monsters in sight!

Vanquished Creatures
  A worm (D:2)
  An endoplasm (D:2)
  3 jackals (D:1)
  A kobold (D:1)
  2 ball pythons
  3 rats
11 creatures vanquished.

Notes
Turn   | Place    | Note
-------+----------+-------------------------------------------
     0 | D:1      | Psyclone the Deep Elf Conjurer began the quest for the Orb.
     0 | D:1      | Reached XP level 1. HP: 10/10 MP: 6/6
   178 | D:2      | Reached XP level 2. HP: 15/15 MP: 6/8
   181 | D:2      | Learned a level 2 spell: Searing Ray
   211 | D:2      | Reached skill level 5 in Conjurations
   273 | D:2      | Identified 3 scrolls of acquirement
   286 | D:3      | Found a glowing golden altar of the Shining One.
   337 | D:4      | Acquired the +2 cloak of the Hidden Vale {rPois rF- Str+2
                  | Int+8}
   387 | D:4      | Acquired the +3 Elemental Staff {rElec rF++ rC++ AC+5}
   387 | D:4      | Found the +3 Elemental Staff {rElec rF++ rC++ AC+5}
   438 | D:4      | Acquired the ring of Leaves {rPois MP+9 Str+3 Int+6 Dex+4}
   461 | D:4      | Acquired a Trismegistus Codex
   463 | D:4      | Quit the game

Illustrated notes

Levels and vault maps discovered:
D:1:      wander_arrival_fairy_ring, layout_basic, chequers_serial_rivers_room_a
D:2:      layout_loops_ring, shapermc_ecumenical_altar_venn, uniq_natasha
D:3:      layout_loops_ring, mainiacjoe_overflow_chevrons,
          gammafunk_ghost_arena, hangedman_glass_teeth
D:4:      layout_basic, nicolae_hepliaklqana_monster_ancestors,
          due_unseen_surprise

Skill      XL: |  1  2 |
---------------+-------+-----
Conjurations   | 5 |  5.1
Dodging        | |  2.4
Stealth        | |  2.4
Spellcasting   | |  3.0

Action                   || total
-------------------------++-------
 Cast: Magic Dart        ||    12
       Searing Ray       ||     1
  Use: Scroll            ||     5
Dodge: Dodged            ||     1
